[Event "Titled Tuesday Blitz January 17 Late 2023"]
[White "Nakamura, Hikaru"]
[Black "Tang, Andrew"]
[WhiteFideId "2016192"]
[BlackFideId "2059630"]
[WhiteElo "2775"]
[BlackElo "2523"]
[Result "0-1"]
[Round "08"]
[TimeControl "180+2"]
[Date "2023.01.17"]
[WhiteClock "0:00:05"]
[BlackClock "0:00:04"]

1. b4 d5 2. Bb2 Bf5 3. Nf3 e6 4. e3 Nf6 5. a3 Nbd7 6. c4 c6 7. Nc3 Bd6 8. Be2 h6 9. O-O O-O 10. d4 a6 11. Bd3 Qe7 12. cxd5 Bxd3 13. Qxd3 exd5 14. Nd2 Rfe8 15. Rfe1 Bxh2+ 16. Kxh2 Ng4+ 17. Kg3 Qg5 18. f4 Nge5+ 19. fxg5 Nxd3 20. Na4 b5 21. Nc5 N7xc5 22. dxc5 Nxb2 23. gxh6 gxh6 24. Nf3 Re6 25. Nd4 Rg6+ 26. Kh2 Re8 27. Re2 Nc4 28. a4 Re4 29. axb5 axb5 30. Nc2 d4 31. Nxd4 Nxe3 32. Rd2 Nc4 33. Rdd1 Ne3 34. Rd2 Ng4+ 35. Kg1 h5 36. Nf5 Rf6 37. Ng3 Rxb4 38. Nxh5 Rf5 39. Ng3 Rxc5 40. Rf1 Rd5 41. Rxd5 cxd5 42. Nf5 d4 43. Re1 d3 44. Rd1 Rb2 45. Nd6 b4 46. Nc4 Rc2 47. Nd2 Ne3 48. Re1 Rxd2 49. Rxe3 b3 50. Re8+ Kg7 51. Ra8 b2 0-1


[Site "https://www.chess.com"]

[Event "Titled Tuesday Blitz January 17 Late 2023"]
[White "Abdrlauf, Elham"]
[Black "Sadhwani, Raunak"]
[WhiteFideId "1533533"]
[BlackFideId "35093487"]
[WhiteElo "2518"]
[BlackElo "2627"]
[Result "1-0"]
[Round "08"]
[TimeControl "180+2"]
[Date "2023.01.17"]
[WhiteClock "0:00:01"]
[BlackClock "0:00:03"]

1. e4 g6 2. d4 Bg7 3. Nf3 d6 4. Be3 a6 5. c4 Nf6 6. Nc3 O-O 7. h3 b6 8. Bd3 Bb7 9. O-O Nc6 10. d5 Nb4 11. Be2 a5 12. Nd4 Nd7 13. Qd2 Nc5 14. Bh6 e5 15. Bxg7 Kxg7 16. Ndb5 Qe7 17. Rab1 Nba6 18. a3 a4 19. Qc2 Nb8 20. Nd1 Ba6 21. Nbc3 Bc8 22. Ne3 Nbd7 23. Bd1 Nf6 24. f3 Nh5 25. Qf2 f5 26. exf5 gxf5 27. Bc2 f4 28. Ng4 Ng3 29. Rfe1 Bxg4 30. fxg4 e4 31. Nxe4 Ncxe4 32. Bxe4 Nxe4 33. Qd4+ Qf6 34. Rxe4 Qxd4+ 35. Rxd4 Rae8 36. Rf1 Re2 37. Rf2 Re1+ 38. Rf1 Re2 39. Rf2 Re1+ 40. Kh2 Kg6 41. Rdxf4 Rxf4 42. Rxf4 Re2 43. Rf8 Rc2 44. Rg8+ Kf7 45. Rc8 Rxc4 46. Kg3 b5 47. h4 Kf6 48. h5 h6 49. Rg8 Rc2 50. Rg6+ Ke5 51. g5 hxg5 52. h6 Rc1 53. Kh2 1-0


[Site "https://www.chess.com"]

[Event "Titled Tuesday Blitz January 17 Late 2023"]
[White "Andreikin, Dmitry"]
[Black "Rasulov, Vugar"]
[WhiteFideId "4158814"]
[BlackFideId "13402390"]
[WhiteElo "2729"]
[BlackElo "2523"]
[Result "1-0"]
[Round "08"]
[TimeControl "180+2"]
[Date "2023.01.17"]
[WhiteClock "0:00:09"]
[BlackClock "0:00:02"]

1. Nf3 Nf6 2. c4 e6 3. g3 d5 4. d4 Be7 5. Bg2 O-O 6. O-O dxc4 7. Qc2 a6 8. a4 Bd7 9. Qxc4 Bc6 10. Bf4 a5 11. Qc1 Na6 12. Nc3 Nb4 13. Rd1 Bxf3 14. Bxf3 c6 15. e4 Qb6 16. Be3 Rfd8 17. Kg2 h6 18. h4 Rac8 19. g4 c5 20. d5 exd5 21. exd5 Nd7 22. g5 Ne5 23. Be4 Rf8 24. d6 Bxd6 25. gxh6 f5 26. Nd5 Qd8 27. Bg5 Qe8 28. hxg7 Kxg7 29. Bh6+ Kh8 30. Bxf8 Qxf8 31. Bxf5 Qxf5 32. Qh6+ Kg8 33. Nf6+ Kf7 34. Rxd6 Nc2 35. Rg1 Rh8 36. Qxh8 Qf3+ 37. Kf1 Ne3+ 38. Ke1 Nc2+ 39. Kf1 Ne3+ 40. Ke1 Nc2+ 41. Kd2 Qxf2+ 42. Kc3 Qe3+ 43. Kxc2 Qe2+ 44. Kb1 1-0


[Site "https://www.chess.com"]

[Event "Titled Tuesday Blitz January 17 Late 2023"]
[White "Zhigalko, Sergei"]
[Black "Duda, Jan-Krzysztof"]
[WhiteFideId "13502956"]
[BlackFideId "1170546"]
[WhiteElo "2572"]
[BlackElo "2724"]
[Result "0-1"]
[Round "08"]
[TimeControl "180+2"]
[Date "2023.01.17"]
[WhiteClock "0:00:02"]
[BlackClock "0:00:18"]

1. e4 c6 2. d4 d5 3. e5 Bf5 4. Nf3 e6 5. Be2 Nd7 6. O-O a5 7. Re1 a4 8. Nbd2 Ne7 9. Nf1 h6 10. Ng3 Bh7 11. Bd3 Bxd3 12. Qxd3 g6 13. Be3 Nf5 14. Nxf5 gxf5 15. Qd2 Qa5 16. c3 c5 17. dxc5 Nxc5 18. Nd4 Ne4 19. Qe2 h5 20. f3 Nc5 21. b4 axb3 22. Nxb3 Nxb3 23. axb3 Qxa1 24. Qb5+ Kd8 25. Rxa1 Rxa1+ 26. Kf2 Bg7 27. Qxb7 Bxe5 28. Bb6+ Ke8 29. Bc5 Ra2+ 30. Kf1 Ra1+ 31. Ke2 Ra2+ 32. Kd3 Kd8 33. Be7+ Ke8 34. Bc5 Kd8 35. f4 Bxf4 36. Be7+ Ke8 37. Qc8+ Kxe7 38. Qb7+ Kf6 39. c4 Rd2+ 40. Kc3 d4+ 41. Kb4 Rb8 0-1


[Site "https://www.chess.com"]

[Event "Titled Tuesday Blitz January 17 Late 2023"]
[White "Bernadskiy, Vitaliy"]
[Black "Chigaev, Maksim"]
[WhiteFideId "14100371"]
[BlackFideId "4108116"]
[WhiteElo "2592"]
[BlackElo "2628"]
[Result "1-0"]
[Round "08"]
[TimeControl "180+2"]
[Date "2023.01.17"]
[WhiteClock "0:00:18"]
[BlackClock "0:00:02"]

1. d4 Nf6 2. Nf3 g6 3. Nc3 Bg7 4. e4 d5 5. e5 Ne4 6. h4 c5 7. h5 cxd4 8. h6 Bxe5 9. Bb5+ Bd7 10. Nxe5 Bxb5 11. Qxd4 Nxc3 12. Nc6 Nxc6 13. Qxh8+ Kd7 14. Qxc3 Rc8 15. Be3 e5 16. O-O-O Ke6 17. Rhe1 d4 18. Bxd4 Nxd4 19. Rxd4 Qg5+ 20. Qe3 Qxe3+ 21. Rxe3 g5 22. g3 Rg8 23. f4 gxf4 24. gxf4 f6 25. fxe5 fxe5 26. Rde4 Rg5 27. Re1 Bc6 28. R4e3 Rh5 29. b4 b5 30. a4 a6 31. Rc3 Bg2 32. axb5 axb5 33. Rc5 Kf6 34. Rxb5 Rf5 35. Rc5 Bf3 36. b5 1-0


[Site "https://www.chess.com"]

[Event "Titled Tuesday Blitz January 17 Late 2023"]
[White "Jobava, Baadur"]
[Black "Borges Feria, Yasel"]
[WhiteFideId "13601520"]
[BlackFideId "3504921"]
[WhiteElo "2578"]
[BlackElo "2439"]
[Result "0-1"]
[Round "08"]
[TimeControl "180+2"]
[Date "2023.01.17"]
[WhiteClock "0:00:01"]
[BlackClock "0:00:56"]

1. b3 c6 2. Bb2 d5 3. d3 Nf6 4. Nd2 Bf5 5. g3 h6 6. Bg2 Bh7 7. e4 e6 8. Ne2 Be7 9. O-O O-O 10. Re1 a5 11. a3 Nfd7 12. Nf4 Bf6 13. e5 Bg5 14. Nf3 Bxf4 15. gxf4 c5 16. Qd2 Nc6 17. Kh1 Kh8 18. Rg1 Ne7 19. a4 Nf5 20. Bh3 Qe7 21. Rg2 b6 22. Rag1 Rg8 23. Qe2 Rac8 24. c4 dxc4 25. dxc4 Nb8 26. Ng5 Nc6 27. Nxh7 Kxh7 28. Bxf5+ exf5 29. e6 g6 30. Re1 Rce8 31. Qf3 Nd4 32. Bxd4 cxd4 33. Qc6 Qc5 34. Qxc5 bxc5 35. Re5 Rxe6 36. Rxc5 Rd8 37. Rg1 d3 38. Rd5 Rxd5 39. cxd5 Rd6 40. Kg2 Rxd5 41. Rd1 d2 42. Kf3 Rd3+ 43. Ke2 Rxb3 44. Rxd2 Rb4 45. Ra2 Rxf4 46. Ke3 Re4+ 47. Kd3 g5 48. f3 Rb4 49. Ke3 Kg6 50. Ra1 f6 51. Kf2 f4 52. Kg2 h5 53. Ra3 Rb2+ 54. Kh3 Rf2 0-1


[Site "https://www.chess.com"]

[Event "Titled Tuesday Blitz January 17 Late 2023"]
[White "Artemiev, Vladislav"]
[Black "Urazayev, Arystanbek"]
[WhiteFideId "24101605"]
[BlackFideId "13709810"]
[WhiteElo "2701"]
[BlackElo "2460"]
[Result "1-0"]
[Round "08"]
[TimeControl "180+2"]
[Date "2023.01.17"]
[WhiteClock "0:00:49"]
[BlackClock "0:00:05"]

1. Nf3 d5 2. e3 Nf6 3. c4 e6 4. Nc3 Be7 5. b3 O-O 6. Bb2 b6 7. cxd5 exd5 8. g3 Bb7 9. Bg2 c5 10. O-O Nc6 11. d4 Ne4 12. dxc5 Bf6 13. Qc1 Nxc5 14. Rd1 Nb4 15. Qb1 Ba6 16. Ne1 Rc8 17. a3 Nxb3 18. axb4 Nxa1 19. Qxa1 Bc4 20. Nxd5 Bxb2 21. Qxb2 Bxd5 22. Bxd5 Qe7 23. Nf3 a5 24. bxa5 bxa5 25. Qa2 Qb4 26. Ne5 Rc7 27. Bxf7+ Kh8 28. Bd5 g6 29. Nf7+ 1-0


[Site "https://www.chess.com"]

[Event "Titled Tuesday Blitz January 17 Late 2023"]
[White "Martinez Alcantara, Jose Eduardo"]
[Black "Oparin, Grigoriy"]
[WhiteFideId "3805662"]
[BlackFideId "24125890"]
[WhiteElo "2619"]
[BlackElo "2667"]
[Result "1/2-1/2"]
[Round "08"]
[TimeControl "180+2"]
[Date "2023.01.17"]
[WhiteClock "0:00:10"]
[BlackClock "0:00:22"]

1. Nf3 Nf6 2. g3 d5 3. c4 e6 4. Bg2 d4 5. O-O c5 6. e3 Nc6 7. exd4 cxd4 8. d3 Bd6 9. Na3 O-O 10. Re1 h6 11. Nc2 e5 12. b4 Re8 13. b5 Na5 14. Bd2 Bf5 15. Bb4 Bxb4 16. Nxb4 Rc8 17. Rxe5 Rxe5 18. Nxe5 Qd6 19. Qe1 Re8 20. f4 Nd7 21. Nd5 b6 22. Qf2 Nxe5 23. fxe5 Qxe5 24. Nf4 Qe3 25. Rd1 Bg4 26. Rd2 g5 27. Nd5 Qxf2+ 28. Kxf2 Kg7 29. Nb4 Bd7 30. Nc2 Rd8 31. Nxd4 Be8 32. Nf5+ Kf6 33. Ne3 Ke5 34. Bd5 Kd4 35. Rd1 f6 36. Nf5+ Kc3 37. Nxh6 Bxb5 38. Ng4 Ba4 39. Re1 f5 40. Ne5 Rh8 41. Kg1 Bc2 42. Rf1 f4 43. gxf4 gxf4 44. Rxf4 Bb1 45. a4 Bc2 46. h4 Bxa4 47. Ng6 Rh6 48. Ne7 Bd7 49. Ng8 Rg6+ 50. Kf2 Nb3 51. h5 Rg5 52. Rh4 Bf5 53. h6 Bxd3 54. h7 Bxh7 55. Rxh7 a5 56. Ra7 Nc5 57. Ne7 a4 58. Nc6 Rh5 59. Kg3 Rh6 60. Ne5 Kb3 61. Nf3 a3 62. Nd2+ Kb2 63. Nb1 a2 64. Nc3 a1=Q 65. Rxa1 Kxa1 66. Kf4 Kb2 67. Nb5 Kb3 68. Kg5 Kb4 69. Kxh6 Na4 70. Bg8 Nb2 71. Nd6 Kc5 72. Ne4+ Kd4 73. Nd6 Kc5 74. Ne4+ Kd4 75. Nd2 Kc3 76. Nb1+ Kd4 77. Na3 Kc5 78. Kg5 Kb4 79. Nc2+ Kc3 80. Ne3 Kd4 81. Kf4 Kc5 82. Ke4 b5 83. cxb5 Kxb5 84. Kd4 Kb4 85. Bf7 Na4 86. Nd5+ Ka3 87. Bg6 Kb3 88. Bh5 Nb2 89. Be2 Kc2 90. Nb4+ Kd2 91. Bh5 Nd1 92. Nd5 Nf2 93. Bg6 Nd1 94. Bf5 Nb2 95. Bd7 Nd1 96. Bb5 Nf2 97. Nf6 Kc2 98. Be2 Kd2 99. Bf3 Nd1 100. Ne4+ Kc2 101. Bh5 Nb2 102. Bg6 Kb3 103. Kc5 Kc2 104. Nf2+ Kc3 105. Ne4+ Kd3 106. Nd6+ Ke3 107. Kb4 Nd3+ 108. Kc3 Ne5 109. Bf5 Kf4 110. Bc2 Nf3 111. Nb5 Ne5 112. Kd4 Nf3+ 113. Kd5 Ne1 114. Bb1 Ng2 115. Nd4 Ne3+ 116. Kc5 Ng4 117. Ne6+ Ke5 118. Nd8 Nf6 119. Nc6+ Kf4 120. Kd4 Ng4 121. Ne7 Nf6 122. Ng6+ Kg5 123. Ke5 Ng4+ 124. Ke6 Nf2 125. Ne7 Kf4 126. Nd5+ Kf3 127. Ke5 Ng4+ 128. Kf5 Ne3+ 129. Ke5 Nxd5 1/2-1/2


[Site "https://www.chess.com"]

[Event "Titled Tuesday Blitz January 17 Late 2023"]
[White "Ibarra Jerez, Jose Carlos"]
[Black "Paravyan, David"]
[WhiteFideId "2226332"]
[BlackFideId "4194985"]
[WhiteElo "2563"]
[BlackElo "2601"]
[Result "1/2-1/2"]
[Round "08"]
[TimeControl "180+2"]
[Date "2023.01.17"]
[WhiteClock "0:00:10"]
[BlackClock "0:00:07"]

1. d4 Nf6 2. Nc3 d5 3. Bf4 g6 4. e3 Bg7 5. Nb5 Na6 6. h3 O-O 7. Nf3 Ne4 8. Bd3 c6 9. Na3 Qa5+ 10. Kf1 Nb4 11. Be2 c5 12. c3 Nc6 13. Nb1 Be6 14. Nbd2 Nxd2+ 15. Qxd2 Rac8 16. g4 Rfd8 17. Kg2 Qb6 18. Rae1 a6 19. Bd3 Bd7 20. Bg3 Re8 21. Ne5 Nxe5 22. dxe5 Qa5 23. a3 d4 24. Be4 Bh6 25. f4 Red8 26. Rd1 Ba4 27. Rde1 dxc3 28. Qxc3 Rd2+ 29. Kf3 Qd8 30. b3 Bb5 31. a4 Bc6 32. Bxc6 Rxc6 33. Re2 Qd5+ 34. e4 Rd3+ 35. Kf2 Qxe4 36. Rxe4 Rxc3 37. Re3 Rxe3 38. Kxe3 Rb6 39. Rb1 f6 40. exf6 exf6 41. Kd3 Rb4 42. f5 gxf5 43. gxf5 c4+ 44. Kc3 Bf8 45. Bf2 Kf7 46. Bd4 b5 47. axb5 axb5 48. Rb2 Rxb3+ 49. Rxb3 cxb3 50. Kxb3 Bd6 51. Kc2 Be7 52. Kd3 Ke8 53. Ke4 Kf7 54. Kd5 b4 55. Bb2 Bd8 56. Kc4 Be7 57. Kd5 Bf8 58. Bd4 h5 59. Bb2 Be7 60. Bd4 Bd8 61. Kc4 Be7 62. Kd5 Bf8 63. Bb2 Bh6 64. Kc4 Bd2 65. Kd3 Be1 66. Ke2 Bc3 67. Bxc3 bxc3 68. Kd3 Ke7 69. Kxc3 Kd6 70. Kd4 h4 71. Ke4 Kc5 72. Kf4 Kd4 73. Kg4 Ke4 74. Kxh4 Kxf5 75. Kg3 Kg5 76. h4+ Kh5 77. Kf4 Kxh4 78. Kf5 Kg3 79. Kxf6 1/2-1/2


[Site "https://www.chess.com"]

[Event "Titled Tuesday Blitz January 17 Late 2023"]
[White "Eljanov, Pavel"]
[Black "Iliaguev, Nisim"]
[WhiteFideId "14102951"]
[BlackFideId "2817276"]
[WhiteElo "2705"]
[BlackElo "2402"]
[Result "1-0"]
[Round "08"]
[TimeControl "180+2"]
[Date "2023.01.17"]
[WhiteClock "0:01:32"]
[BlackClock "0:01:23"]

1. d4 Nf6 2. c4 e6 3. Nc3 Bb4 4. e3 O-O 5. Bd3 c5 6. a3 Bxc3+ 7. bxc3 d5 8. cxd5 exd5 9. Ne2 Nc6 10. O-O Qe7 11. f3 b6 12. Ng3 Be6 13. Bb2 Rfc8 14. e4 cxd4 15. cxd4 Na5 16. e5 Ne8 17. f4 Nc4 18. Bc1 Bd7 19. f5 f6 20. e6 Bb5 21. Ra2 Ned6 22. a4 Ba6 23. Bf4 Ne4 24. Nxe4 dxe4 25. Bxe4 Rd8 26. Bxa8 Rxa8 27. d5 Rd8 28. d6 Nxd6 29. Rd2 Nb7 30. Rxd8+ Nxd8 31. Qd6 1-0


[Site "https://www.chess.com"]

[Event "Titled Tuesday Blitz January 17 Late 2023"]
[White "Esipenko, Andrey"]
[Black "Bjelobrk, Igor"]
[WhiteFideId "24175439"]
[BlackFideId "4300726"]
[WhiteElo "2679"]
[BlackElo "2403"]
[Result "1-0"]
[Round "08"]
[TimeControl "180+2"]
[Date "2023.01.17"]
[WhiteClock "0:00:06"]
[BlackClock "0:00:09"]

1. Nf3 d5 2. g3 Nc6 3. d4 Bf5 4. Bg2 Nb4 5. Na3 e6 6. O-O Be7 7. c3 Nc6 8. Qb3 Rb8 9. Re1 Nf6 10. Nh4 Bg4 11. h3 Bh5 12. g4 Bg6 13. Nxg6 hxg6 14. Bf4 Bd6 15. Bg5 Be7 16. Nb1 O-O 17. Nd2 Ne8 18. Bxe7 Nxe7 19. e4 c6 20. Nf3 Nd6 21. e5 Ne4 22. Qc2 g5 23. Rxe4 dxe4 24. Nxg5 Ng6 25. Nxe4 Nf4 26. Qd2 g5 27. h4 f6 28. exf6 Rxf6 29. hxg5 Rf7 30. Re1 Qe7 31. Nf6+ Rxf6 32. gxf6 Qxf6 33. Qe3 Rf8 34. Qg3 Qg5 35. Bf1 Rf6 36. Re5 Qg7 37. Qh4 Ng6 38. Qg3 Nxe5 39. dxe5 Rf7 40. f4 Qf8 41. f5 exf5 42. e6 Rg7 43. Be2 fxg4 44. Qe5 g3 45. Qe3 Qf6 46. Bc4 Kf8 47. Qxa7 Rg5 48. Qb8+ Kg7 49. Qxb7+ Kh6 50. Qb6 g2 51. Qe3 Qe7 52. Bd3 Qd6 53. Qh3+ Kg7 54. Qh7+ Kf6 55. Qf7+ Ke5 56. e7 Qxd3 57. e8=Q+ Kd6 58. Qfd7+ Kc5 59. Qxd3 1-0


[Site "https://www.chess.com"]

[Event "Titled Tuesday Blitz January 17 Late 2023"]
[White "Solon, Nathan"]
[Black "Zierk, Steven"]
[WhiteFideId "2017229"]
[BlackFideId "2034255"]
[WhiteElo "2306"]
[BlackElo "2488"]
[Result "0-1"]
[Round "08"]
[TimeControl "180+2"]
[Date "2023.01.17"]
[WhiteClock "0:00:06"]
[BlackClock "0:01:09"]

1. Nf3 d5 2. g3 Nf6 3. Bg2 c6 4. O-O Bg4 5. h3 Bxf3 6. Bxf3 e5 7. d3 Be7 8. e4 dxe4 9. dxe4 Qc7 10. a4 a5 11. Nd2 Nbd7 12. Nc4 Nb6 13. Qe2 O-O 14. Be3 Nxc4 15. Qxc4 Rfd8 16. Rfd1 Rxd1+ 17. Rxd1 Rd8 18. Rxd8+ Bxd8 19. Kg2 Be7 20. Be2 g6 21. f3 Nd7 22. h4 h5 23. Qa2 Bc5 24. Bg5 Qd6 25. c3 Ba7 26. Qc4 Nb6 27. Qb3 Qc5 28. Qd1 Kg7 29. Qd8 Nd5 30. Kh3 Qg1 31. Bh6+ Kh7 32. g4 Bf2 0-1


[Site "https://www.chess.com"]

[Event "Titled Tuesday Blitz January 17 Late 2023"]
[White "Bortnyk, Mykola"]
[Black "Megalios, Konstantinos"]
[WhiteFideId "14120836"]
[BlackFideId "4238044"]
[WhiteElo "2425"]
[BlackElo "2372"]
[Result "1-0"]
[Round "08"]
[TimeControl "180+2"]
[Date "2023.01.17"]
[WhiteClock "0:01:07"]
[BlackClock "0:00:21"]

1. e4 c6 2. d4 d5 3. exd5 cxd5 4. c4 Nf6 5. Nc3 Nc6 6. Bg5 Be6 7. Be2 g6 8. Bf3 Na5 9. Bxf6 exf6 10. cxd5 Bd7 11. Nge2 Bd6 12. O-O f5 13. Nc1 O-O 14. Nd3 Qh4 15. Ne5 Rad8 16. g3 Qg5 17. Re1 Bc8 18. a3 f6 19. Nd3 Nc4 20. Bg2 Qd2 21. Qxd2 Nxd2 22. Nc5 Nb3 23. Nxb3 1-0


[Site "https://www.chess.com"]

[Event "Titled Tuesday Blitz January 17 Late 2023"]
[White "Timmermans, Mark"]
[Black "Sarana, Alexey"]
[WhiteFideId "1026399"]
[BlackFideId "24133795"]
[WhiteElo "2392"]
[BlackElo "2685"]
[Result "0-1"]
[Round "08"]
[TimeControl "180+2"]
[Date "2023.01.17"]
[WhiteClock "0:00:31"]
[BlackClock "0:00:04"]

1. e4 e5 2. Nf3 Nc6 3. d4 exd4 4. Bc4 Nf6 5. O-O Nxe4 6. Nc3 Nxc3 7. bxc3 Be7 8. Nxd4 Nxd4 9. Qxd4 O-O 10. Bf4 d6 11. Rab1 c6 12. Bd3 d5 13. Be5 Bf6 14. Bxf6 Qxf6 15. Qxf6 gxf6 16. Rfe1 b6 17. h3 Be6 18. Rb4 Rfe8 19. Rh4 Bd7 20. Rxe8+ Rxe8 21. Kf1 c5 22. Rh5 Re5 23. Bxh7+ Kg7 24. Rxe5 fxe5 25. Bd3 f5 26. g3 f4 27. gxf4 Bxh3+ 28. Ke2 c4 29. fxe5 cxd3+ 30. cxd3 Kg6 31. Ke3 Kf5 32. Kd4 Bg2 33. c4 Ke6 34. f4 dxc4 35. dxc4 Bc6 36. Kc3 a5 37. Kd4 Kf5 38. a3 Ba8 39. Kc3 Bc6 40. Kd4 Kxf4 41. e6 Kf5 42. e7 Ke6 43. a4 Kd6 44. c5+ bxc5+ 45. Kc4 Be8 46. Kc3 Kxe7 0-1


[Site "https://www.chess.com"]

[Event "Titled Tuesday Blitz January 17 Late 2023"]
[White "Domingo Nunez, Ruben"]
[Black "Bluebaum, Matthias"]
[WhiteFideId "22245570"]
[BlackFideId "24651516"]
[WhiteElo "2416"]
[BlackElo "2669"]
[Result "0-1"]
[Round "08"]
[TimeControl "180+2"]
[Date "2023.01.17"]
[WhiteClock "0:00:34"]
[BlackClock "0:01:09"]

1. e4 e6 2. Nf3 d5 3. Nc3 Nf6 4. e5 Nfd7 5. d4 c5 6. dxc5 Nc6 7. Bf4 Nxc5 8. Bd3 Be7 9. h4 f6 10. Qe2 Nxd3+ 11. cxd3 O-O 12. Bg3 d4 13. Nb1 f5 14. Bf4 b6 15. h5 h6 16. O-O Bb7 17. Nbd2 Qe8 18. Nh2 Nb4 19. Nc4 Nd5 20. Bd2 Rd8 21. Rac1 Qf7 22. Rfe1 Rfe8 23. Qd1 b5 24. Na5 Ba8 25. Nc6 Rc8 26. Nxd4 Rxc1 27. Bxc1 a6 28. Bd2 Bc5 29. Nb3 Bb6 30. d4 Rc8 31. Ba5 Bxa5 32. Nxa5 Nf4 33. g3 Nh3+ 34. Kf1 Qc7 35. Nb3 Qc6 36. d5 Qc4+ 37. Qe2 Qxd5 38. f3 a5 39. Rd1 Qb7 40. Nxa5 Qb6 41. b4 Qg1# 0-1


[Site "https://www.chess.com"]

[Event "Titled Tuesday Blitz January 17 Late 2023"]
[White "Sanal, Vahap"]
[Black "Skvortsov, Andrei"]
[WhiteFideId "6300545"]
[BlackFideId "24108600"]
[WhiteElo "2600"]
[BlackElo "2313"]
[Result "1-0"]
[Round "08"]
[TimeControl "180+2"]
[Date "2023.01.17"]
[WhiteClock "0:00:32"]
[BlackClock "0:00:13"]

1. d4 g6 2. e4 Bg7 3. Nf3 e6 4. c4 Ne7 5. Nc3 d5 6. cxd5 exd5 7. e5 Nd7 8. Be2 O-O 9. O-O f6 10. exf6 Nxf6 11. Ne5 Nf5 12. Bg5 c6 13. Rc1 Qb6 14. Nf3 Qxb2 15. Re1 Ne4 16. Nxe4 dxe4 17. Bc4+ Kh8 18. Ne5 Bxe5 19. dxe5 Qxe5 20. Bd2 Nd4 21. Bc3 c5 22. Rc2 Bf5 23. Rd2 Rad8 24. Qa1 Rf6 25. Kh1 Rfd6 26. Qd1 h5 27. Qc1 Kh7 28. Rb2 b6 29. Qe3 Qg7 30. h3 Qh6 31. Qg3 Nc6 32. Rbe2 h4 33. Qh2 Nd4 34. Rb2 Qg5 35. Bd2 Qf6 36. Qf4 Nc6 37. Qh6# 1-0


[Site "https://www.chess.com"]

[Event "Titled Tuesday Blitz January 17 Late 2023"]
[White "Di Berardino, Diego Rafael"]
[Black "Dominguez Perez, Leinier"]
[WhiteFideId "2105446"]
[BlackFideId "3503240"]
[WhiteElo "2479"]
[BlackElo "2739"]
[Result "0-1"]
[Round "08"]
[TimeControl "180+2"]
[Date "2023.01.17"]
[WhiteClock "0:00:01"]
[BlackClock "0:00:06"]

1. e4 Nf6 2. e5 Nd5 3. d4 d6 4. c4 Nb6 5. exd6 exd6 6. Nc3 Be7 7. Bd3 O-O 8. Nge2 Na6 9. O-O c6 10. b3 Nb4 11. Be3 Nxd3 12. Qxd3 d5 13. c5 Nd7 14. a3 Re8 15. b4 Bf6 16. b5 Nf8 17. Rab1 g6 18. Qd2 Ne6 19. Rb3 Ng7 20. Rfb1 Nf5 21. Bf4 Bd7 22. bxc6 Bxc6 23. h3 h5 24. Qd3 Qd7 25. Nb5 Re4 26. Nd6 Nxd6 27. Bxd6 Rae8 28. Be5 Bxe5 29. dxe5 R4xe5 30. Nd4 Qe7 31. Qc3 Re4 32. Nxc6 bxc6 33. Rb7 Qg5 34. Rxa7 Rc4 35. Qf3 Rf4 36. Qg3 Qf5 37. Rbb7 Qe4 38. Kh2 h4 39. Qg5 Rf5 40. Qg4 Qe5+ 41. f4 Rxf4 42. Rxf7 Rxg4+ 0-1


[Site "https://www.chess.com"]

[Event "Titled Tuesday Blitz January 17 Late 2023"]
[White "Hamitevici, Vladimir"]
[Black "Zakhartsov, Vladimir"]
[WhiteFideId "13902393"]
[BlackFideId "4145097"]
[WhiteElo "2496"]
[BlackElo "2552"]
[Result "0-1"]
[Round "08"]
[TimeControl "180+2"]
[Date "2023.01.17"]
[WhiteClock "0:00:06"]
[BlackClock "0:00:18"]

1. a3 g6 2. d4 Nf6 3. Nf3 Bg7 4. g3 O-O 5. Bg2 d5 6. O-O c6 7. Nbd2 Nbd7 8. e3 Re8 9. c4 e5 10. cxd5 Nxd5 11. e4 N5b6 12. dxe5 Nxe5 13. Nxe5 Bxe5 14. Nf3 Bg7 15. Qc2 Be6 16. Bg5 Qc8 17. Rfd1 Bg4 18. Rd6 h6 19. Bf6 Bxf6 20. Rxf6 Qd8 21. Rf4 Be6 22. Rd1 Qe7 23. e5 Bd5 24. Re1 Nd7 25. Nd4 Nxe5 26. Bxd5 cxd5 27. Kg2 Qd7 28. Qd2 Nc4 29. Rxe8+ Rxe8 30. Qc1 Ne5 31. Rh4 h5 32. Qh6 Ng4 33. h3 Nxh6 0-1


[Site "https://www.chess.com"]

[Event "Titled Tuesday Blitz January 17 Late 2023"]
[White "Tari, Aryan"]
[Black "Flores Quillas, Diego Saul Rodri"]
[WhiteFideId "1510045"]
[BlackFideId "3822508"]
[WhiteElo "2642"]
[BlackElo "2359"]
[Result "1-0"]
[Round "08"]
[TimeControl "180+2"]
[Date "2023.01.17"]
[WhiteClock "0:01:11"]
[BlackClock "0:00:02"]

1. e4 c5 2. Nc3 Nc6 3. f4 g6 4. Nf3 Bg7 5. Bb5 Nd4 6. O-O a6 7. Bd3 e6 8. e5 d6 9. exd6 Qxd6 10. Ne4 Qc7 11. Nxd4 cxd4 12. b3 Ne7 13. Ba3 O-O 14. Qe1 Rd8 15. Qh4 Nd5 16. Rae1 Bd7 17. Bd6 Qc6 18. Be5 Rf8 19. Bc4 f6 20. Bxd4 Rae8 21. Bc5 Ne7 22. Qf2 b5 23. Bd3 Qd5 24. Nd6 Rb8 25. Be4 Qh5 26. Bf3 Qh6 27. Ne4 Rfe8 28. Bd4 e5 29. fxe5 Nf5 30. exf6 Bf8 31. f7+ Kxf7 32. h4 Kg8 33. Nf6+ Kf7 34. Nxd7 1-0


[Site "https://www.chess.com"]

[Event "Titled Tuesday Blitz January 17 Late 2023"]
[White "Leiva, Gianmarco"]
[Black "Hansen, Eric"]
[WhiteFideId "3804399"]
[BlackFideId "2606771"]
[WhiteElo "2392"]
[BlackElo "2609"]
[Result "1-0"]
[Round "08"]
[TimeControl "180+2"]
[Date "2023.01.17"]
[WhiteClock "0:00:08"]
[BlackClock "0:00:02"]

1. e4 c5 2. Nf3 e6 3. c3 Nf6 4. Bd3 b5 5. O-O c4 6. Bc2 Bb7 7. Re1 Bc5 8. d4 cxd3 9. Qxd3 Qb6 10. Be3 Nxe4 11. Nd4 a6 12. b4 Bf8 13. f3 Nf6 14. Nxe6 Qxe6 15. Bf2 Nc6 16. Rxe6+ dxe6 17. a4 Rd8 18. Qe2 Rd5 19. axb5 axb5 20. Bd3 Bd6 21. Bxb5 O-O 22. Nd2 Nh5 23. Ne4 Nf4 24. Qf1 Bb8 25. Nc5 Ba7 26. Bxc6 Bxc6 27. Rxa7 Rfd8 28. Ra1 h5 29. Be3 Ng6 30. b5 Be8 31. b6 Ne5 32. b7 Nc6 33. Ra8 1-0


[Site "https://www.chess.com"]

[Event "Titled Tuesday Blitz January 17 Late 2023"]
[White "Jones, Gawain C B"]
[Black "Liang, Justin"]
[WhiteFideId "409561"]
[BlackFideId "2099942"]
[WhiteElo "2618"]
[BlackElo "2052"]
[Result "0-1"]
[Round "08"]
[TimeControl "180+2"]
[Date "2023.01.17"]
[WhiteClock "0:00:01"]
[BlackClock "0:00:07"]

1. a3 e5 2. c4 g6 3. d4 Nc6 4. dxe5 Nxe5 5. e4 d6 6. Nc3 Bg7 7. f4 Nc6 8. Be3 Nge7 9. Nf3 O-O 10. Bd3 f5 11. O-O fxe4 12. Bxe4 Be6 13. Nd5 Nf5 14. Bf2 Kh8 15. Ng5 Bg8 16. b4 h6 17. Nf3 Be6 18. Bxf5 Bxf5 19. Nd4 Bd7 20. Ra2 Ne7 21. Bh4 g5 22. fxg5 Nxd5 23. cxd5 hxg5 24. Rxf8+ Qxf8 25. Bxg5 Qf7 26. Rf2 Qxd5 27. Bf6 Rf8 28. Bxg7+ Kxg7 29. Rxf8 Kxf8 30. Qf3+ Qxf3 31. Nxf3 c5 32. Kf2 Ke7 33. h4 Kf6 34. Ke3 b6 35. Kf4 cxb4 36. axb4 a5 37. bxa5 bxa5 38. Nd4 a4 39. Nc2 Kg6 40. g4 Be6 41. Na3 Kh6 42. Nb5 Kg6 43. Kg3 Bc4 44. Na3 Bd3 45. Kf4 Kh6 46. Ke3 Bg6 47. Nb5 Bf7 48. Nxd6 a3 49. Nxf7+ Kg7 50. Ng5 a2 51. Kf4 a1=Q 52. Nf3 Qf6+ 53. Kg3 Qd6+ 54. Kh3 Kg6 55. h5+ Kh6 56. Nh4 Qf4 57. Ng2 Qf3+ 58. Kh2 Qxg4 59. Ne3 Qxh5+ 60. Kg3 Qe5+ 61. Kf3 Kg5 62. Ng2 Qd5+ 63. Kg3 Qd3+ 64. Kf2 Qe4 65. Kg3 Qd3+ 66. Kf2 Kg4 67. Ne3+ Kf4 68. Ng2+ Ke4 69. Kg1 Qg3 70. Kf1 Kf3 71. Ne1+ Ke4 72. Ng2 Qd3+ 73. Kf2 Qd2+ 74. Kg3 Qg5+ 75. Kf2 Qf5+ 76. Kg3 Qf3+ 77. Kh2 Qf2 78. Kh3 Qg1 79. Kg3 Kf5 80. Kf3 Qf1+ 81. Kg3 Kg5 82. Kh2 Qf2 83. Kh3 Qf3+ 84. Kh2 Kg4 85. Kg1 Qe2 86. Kh2 Qf2 87. Kh1 Kh3 0-1


[Site "https://www.chess.com"]